Map: Bel'Shir Vestige LE (Void)

Players

iAsonu - Winner!

  • Race: Zerg Zerg
  • Spawn Location: 11:00

Probe

  • Race: Protoss Protoss
  • Spawn Location: 5:00

Event: WCS Austin 2017

VOD

Have the link to the VOD?

Description

Time

  • Played on: April 28, 2017, 9:15 p.m.
  • Length: 13:03

All games in this series

Show
View Real Time Build Order
Export as new Build Order

iAsonu Zerg - Winner!

Build Orders: Hatch First 

Get SALT Encoding   

  12  0:00  Drone  
  13  0:14  Overlord  
  13  0:17  Drone  
  14  0:32  Drone x2  
  16  0:36  Drone  
  17  0:54  Drone, Hatchery  
  17  0:57  Drone  
  18  1:08  Extractor  
  17  1:12  Spawning Pool  
  17  1:14  Drone  
  17  1:19  Drone  
  18  1:30  Drone  
  19  1:40  Overlord  
  19  1:51  Drone  
  20  1:59  Queen  
  22  2:02  Zergling x2  
  22  2:05  Queen  
  22  2:06  Zergling x2  
  26  2:08  Metabolic Boost  
  26  2:14  Zergling x2  
  27  2:17  Spine Crawler  
  27  2:19  Zergling x2  
  27  2:24  Zergling x2  
  28  2:31  Zergling x2  
  29  2:38  Drone x2  
  32  2:46  Zergling x2  
  32  2:48  Zergling x2  
  30  3:01  Drone x2  
  32  3:10  Zergling x4, Roach Warren  
  33  3:17  Drone  
  33  3:23  Drone x3  
  35  3:27  Overlord  
  35  3:31  Overlord  
  35  3:39  Overlord  
  35  3:43  Overlord  
  35  3:47  Spine Crawler  
  34  3:52  Roach x3  
  40  3:56  Roach x2  
  40  4:00  Roach  
  46  4:04  Zergling x2  
  47  4:10  Zergling x6  
  50  4:19  Drone  
  50  4:23  Spore Crawler  
  50  4:25  Drone  
  50  4:26  Roach  
  53  4:32  Overlord  
  53  4:35  Roach  
  55  4:40  Roach  
  55  4:42  Drone  
  58  4:48  Roach  
  58  4:49  Roach  
  62  4:53  Roach  
  64  5:02  Roach  
  64  5:03  Roach x2  
  70  5:07  Roach  
  70  5:08  Roach  
  74  5:14  Overlord  
  74  5:19  Roach  
  74  5:20  Spore Crawler  
  75  5:29  Overlord x2  
  75  5:32  Overlord  
  75  5:35  Roach  
  76  5:38  Zergling x2  
  76  5:41  Roach  
  79  5:47  Roach  
  81  5:50  Drone x2  
  81  5:54  Spore Crawler  
  80  5:59  Drone  
  80  6:00  Roach  
  80  6:03  Zergling x4  
  71  6:19  Drone x5  
  76  6:30  Ravager  
  77  6:33  Roach  
  77  6:37  Queen x2  
  83  6:40  Zergling x2  
  84  6:52  Roach x2  
  88  6:59  Zergling x6  
  91  7:07  Extractor  
  91  7:08  Drone x4, Extractor  
  93  7:12  Roach  
  93  7:13  Queen  
  97  7:22  Drone x2  
  99  7:23  Drone  
  99  7:29  Drone  
  100  7:32  Drone  
  100  7:34  Lair  
  101  7:38  Drone x2  
  103  7:49  Zergling x8  
  103  7:50  Zergling x2  
  108  7:53  Evolution Chamber  
  108  7:55  Overlord  
  107  7:59  Overlord  
  107  8:04  Overlord  
  105  8:06  Roach  
  105  8:10  Overlord  
  105  8:15  Zergling x8  
  108  8:20  Zerg Melee Weapons Level 1  
  108  8:21  Drone  
  108  8:24  Roach  
  111  8:30  Roach  
  114  8:41  Roach x4  
  114  8:47  Zergling x2, Hatchery  
  114  8:48  Zergling x2  
  120  8:56  Zergling x2  
  120  8:57  Zergling x4  
  120  8:58  Glial Reconstitution  
  120  9:01  Baneling Nest  
  121  9:03  Drone  
  119  9:11  Drone, Zergling x2  
  119  9:12  Zergling x4  
  118  9:20  Zergling x4  
  119  9:28  Zergling x6  
  121  9:35  Zergling x10  
  125  9:46  Zergling x2  
  125  9:47  Zergling x2  
  125  9:48  Centrifical Hooks  
  127  9:54  Ravager x2  
  127  9:55  Ravager x4  
  127  9:56  Zergling x4  
  133  10:02  Drone x4  
  133  10:07  Drone  
  133  10:09  Overseer  
  133  10:10  Queen  
  133  10:12  Drone  
  135  10:16  Zergling x2  
  135  10:20  Drone  
  137  10:23  Drone  
  137  10:25  Drone  
  139  10:31  Drone  
  139  10:33  Drone  
  139  10:34  Drone  
  142  10:36  Zergling x8  
  142  10:40  Overlord, Spore Crawler  
  145  10:43  Overlord x2  
  145  10:46  Overlord  
  145  10:51  Overlord  
  145  10:56  Drone  
  146  10:57  Overlord  
  146  10:58  Overlord x2  
  146  10:59  Drone  
  146  11:01  Drone  
  146  11:03  Drone  
  149  11:05  Drone  
  149  11:08  Drone x2  
  149  11:10  Zergling x2  
  153  11:12  Zergling x2  
  153  11:16  Drone  
  153  11:17  Drone  
  156  11:21  Extractor x2  
  154  11:27  Zergling x2  
  154  11:28  Zergling x14  
  154  11:31  Zergling x2  
  163  11:34  Baneling x4  
  163  11:35  Zergling x2  
  163  11:37  Ravager x2, Baneling  
  163  11:38  Baneling x6  
  163  11:39  Zergling x4  
  169  11:47  Zergling x8  
  169  11:53  Zergling x8  
  173  11:57  Zergling x4  
  173  11:58  Zergling x2  
  176  12:05  Drone  
  176  12:10  Zergling x2  
  176  12:11  Zergling x8  
  176  12:13  Baneling x8  
  181  12:20  Zergling x4  
  181  12:21  Baneling x5  
  182  12:27  Zergling x2  
  182  12:28  Zergling x8  
  163  12:37  Zergling x10  
  163  12:41  Zergling x2  
  163  12:42  Zergling x4  
  163  12:43  Zergling x2  
Show
View Real Time Build Order
Export as new Build Order

Probe Protoss 

Build Orders: Mass Adepts 

Get SALT Encoding   

  12  0:00  Probe (Chrono Boost)  
  13  0:11  Probe (Chrono Boost)  
  14  0:17  Pylon  
  14  0:22  Probe (Chrono Boost)  
  15  0:36  Probe (Chrono Boost)  
  15  0:38  Gateway  
  16  0:45  Assimilator  
  16  0:47  Probe (Chrono Boost)  
  17  0:57  Probe (Chrono Boost)  
  17  1:00  Pylon  
  18  1:19  Gateway  
  18  1:20  Gateway  
  18  1:29  Cybernetics Core  
  18  1:31  Probe (Chrono Boost)  
  19  1:39  Assimilator  
  19  1:41  Probe (Chrono Boost)  
  20  1:52  Probe (Chrono Boost)  
  20  1:53  Warp Gate  
  21  2:03  Probe (Chrono Boost)  
  21  2:06  Adept  
  21  2:07  Adept  
  26  2:12  Pylon  
  26  2:18  Probe (Chrono Boost)  
  28  2:30  Probe (Chrono Boost)  
  28  2:33  Adept  
  28  2:34  Adept  
  32  2:42  Twilight Council  
  32  3:00  Adept  
  32  3:01  Adept  
  32  3:03  Adept  
  34  3:24  Resonating Glaives  
  30  3:29  Pylon  
  30  3:34  Pylon  
  30  3:38  Probe (Chrono Boost)  
  31  3:56  Adept x3  
  37  4:16  Adept  
  39  4:17  Adept x2  
  39  4:21  Mothership Core (Chrono Boost)  
  39  4:23  Pylon  
  45  4:26  Stargate  
  45  4:37  Adept x3  
  51  4:58  Adept x3  
  57  5:06  Pylon  
  57  5:13  Oracle  
  58  5:25  Adept x2  
  62  5:44  Adept  
  62  5:48  Adept x2  
  67  6:16  Probe (Chrono Boost), Adept  
  69  6:40  Pylon, Adept  
  69  6:41  Pylon  
  69  6:45  Oracle  
  70  7:03  Adept x3  
  75  7:23  Nexus  
  75  7:31  Pylon  
  75  7:32  Robotics Facility  
  75  7:48  Adept  
  75  7:49  Adept  
  79  7:54  Adept  
  77  8:24  Robotics Bay  
  77  8:32  Observer  
  78  8:39  Probe (Chrono Boost)  
  78  8:40  Probe (Chrono Boost)  
  80  8:50  Probe (Chrono Boost)  
  80  8:53  Probe (Chrono Boost)  
  76  9:11  Disruptor  
  76  9:14  Stalker  
  81  9:21  Gateway  
  81  9:22  Gateway  
  79  9:38  Stalker  
  79  9:43  Disruptor  
  84  10:03  Blink  
  84  10:04  Adept  
  86  10:09  Pylon  
  86  10:10  Pylon  
  86  10:14  Disruptor  
  83  10:24  Stalker  
  85  10:31  Stalker  
  87  10:52  Probe x2 (Chrono Boost), Gateway  
  87  10:54  Assimilator  
  87  10:55  Assimilator, Gateway  
  89  10:57  Gateway  
  89  11:02  Stalker  
  89  11:03  Stalker x2  
  96  11:04  Probe (Chrono Boost)  
  96  11:06  Probe (Chrono Boost)  
  96  11:10  Warp Prism  
  99  11:26  Stalker  
  101  11:50  Probe (Chrono Boost), Pylon  
  99  11:54  Probe (Chrono Boost)  
  99  11:56  Disruptor  
  97  12:12  Stalker x2  
  97  12:13  Sentry  
  103  12:16  Nexus  
  100  12:38  Stalker  
  100  12:39  Stalker x2  
Tags
 
Add a new tag
Caveats
  • Supply blocks, unpowered buildings, or Contaminate may cause inaccurate times.
  • Supply counts are checked every 10 seconds.